Map: Proxima Station LE

Players

SortOf - Winner!

  • Race: Zerg Zerg
  • Spawn Location: 7:00

Optimus

  • Race: Terran Terran
  • Spawn Location: 1:00

Event: IEM XI Katowice - World Championship 2017

VOD

Have the link to the VOD?

Description

Time

  • Played on: Feb. 27, 2017, 10:11 a.m.
  • Length: 22:52

All games in this series

Show
View Real Time Build Order
Export as new Build Order

SortOf Zerg - Winner!

Build Orders: Hatch First, Muta Ling Bane 

Get SALT Encoding   

  12  0:00  Drone  
  13  0:12  Overlord  
  13  0:17  Drone  
  14  0:30  Drone x2  
  16  0:36  Drone  
  17  0:53  Hatchery  
  17  0:56  Drone  
  17  1:01  Drone  
  18  1:13  Extractor  
  18  1:17  Spawning Pool, Drone  
  17  1:20  Drone  
  18  1:27  Drone  
  19  1:38  Overlord  
  19  1:49  Drone  
  20  2:04  Zergling x2, Queen  
  20  2:05  Queen  
  20  2:07  Zergling x2  
  26  2:10  Drone  
  26  2:13  Metabolic Boost  
  27  2:19  Drone  
  28  2:23  Drone  
  28  2:29  Drone  
  30  2:40  Hatchery  
  29  2:45  Drone x2  
  29  2:50  Overlord  
  31  2:52  Drone  
  31  2:55  Drone  
  33  3:00  Drone  
  34  3:06  Queen  
  34  3:10  Drone x2  
  38  3:14  Drone  
  38  3:15  Drone x2  
  38  3:18  Overlord  
  41  3:21  Zergling x2  
  41  3:23  Zergling x2  
  43  3:33  Drone  
  44  3:36  Queen  
  46  3:44  Drone x4  
  50  3:51  Drone  
  50  3:53  Lair  
  50  3:54  Queen, Drone  
  54  4:02  Drone x2  
  56  4:04  Overlord  
  56  4:05  Drone  
  57  4:18  Spore Crawler x2  
  57  4:20  Spore Crawler  
  57  4:22  Queen  
  55  4:30  Drone x2  
  55  4:31  Drone  
  58  4:38  Overlord  
  58  4:39  Overlord  
  58  4:41  Extractor  
  58  4:42  Queen  
  58  4:43  Evolution Chamber  
  58  4:44  Overlord, Evolution Chamber  
  57  4:48  Drone  
  58  4:55  Spire  
  58  4:57  Drone  
  58  4:58  Drone x9  
  66  5:02  Drone x2  
  68  5:11  Drone  
  68  5:12  Drone x4  
  68  5:13  Drone  
  70  5:19  Drone  
  71  5:24  Extractor, Drone x2  
  72  5:29  Drone x4  
  72  5:33  Drone x2  
  78  5:35  Extractor  
  78  5:41  Drone  
  76  5:45  Drone x3  
  76  5:47  Drone  
  76  5:48  Drone  
  76  5:49  Overlord  
  81  5:50  Extractor  
  81  5:51  Drone x2  
  82  5:59  Overlord  
  82  6:01  Overlord  
  82  6:05  Hatchery, Overlord  
  82  6:09  Zerg Melee Weapons Level 1, Mutalisk  
  82  6:11  Baneling Nest  
  82  6:18  Drone x2  
  80  6:19  Drone x2  
  80  6:20  Drone x5  
  86  6:28  Drone  
  88  6:32  Drone  
  88  6:33  Drone x4  
  88  6:38  Overlord  
  92  6:42  Extractor  
  92  6:44  Zergling x8  
  92  6:46  Pneumatized Carapace  
  95  6:47  Overseer  
  95  6:50  Hatchery  
  95  6:51  Overlord  
  94  6:56  Overlord  
  94  6:58  Centrifical Hooks  
  94  6:59  Zerg Flyer Weapons Level 1  
  94  7:04  Baneling  
  94  7:05  Zergling x2, Baneling x3  
  94  7:06  Zergling x10  
  100  7:10  Evolution Chamber  
  99  7:17  Drone  
  99  7:18  Queen, Drone x7  
  99  7:22  Mutalisk  
  111  7:28  Queen  
  111  7:29  Mutalisk x2, Overlord  
  115  7:34  Overlord  
  117  7:37  Zerg Ground Armor Level 1  
  117  7:40  Overseer  
  117  7:43  Mutalisk x3  
  123  7:45  Zergling x10  
  123  7:46  Baneling x2  
  123  7:48  Overlord  
  128  7:51  Overlord  
  128  7:57  Mutalisk x2  
  132  7:59  Zergling x6  
  132  8:03  Drone  
  132  8:04  Drone  
  137  8:13  Mutalisk  
  137  8:14  Mutalisk  
  137  8:15  Overlord  
  137  8:16  Zergling x10  
  146  8:22  Zergling x6  
  149  8:39  Zergling x12  
  155  8:44  Baneling x10  
  155  8:46  Zergling x32  
  171  8:52  Overlord  
  171  8:56  Zergling x2  
  171  9:02  Overlord  
  172  9:05  Baneling x2  
  172  9:10  Extractor  
  172  9:11  Zerg Melee Weapons Level 2, Zerg Flyer Armor Level 1  
  172  9:13  Hatchery  
  172  9:16  Mutalisk x4  
  172  9:17  Mutalisk  
  176  9:19  Zergling x20  
  190  9:25  Overlord  
  190  9:36  Spore Crawler  
  190  9:37  Baneling x7  
  189  9:39  Zergling x2  
  189  9:40  Overlord  
  189  9:41  Overlord x2  
  185  9:51  Mutalisk x3  
  182  9:55  Zergling x2  
  182  9:56  Zergling x28, Overseer  
  197  10:00  Infestation Pit  
  197  10:02  Zergling x6  
  199  10:11  Zerg Ground Armor Level 2  
  199  10:12  Extractor  
  198  10:32  Zergling x8  
  198  10:38  Baneling  
  198  10:39  Baneling x10  
  198  10:44  Hive  
  198  10:47  Baneling x10  
  191  11:00  Zergling x22  
  195  11:10  Baneling  
  195  11:11  Zergling x12, Baneling x18  
  184  11:12  Zergling x20  
  186  11:20  Zergling x26  
  186  11:23  Zergling x2  
  171  11:30  Zergling x6  
  142  11:35  Baneling x12  
  142  11:38  Zergling x20  
  136  11:42  Zergling x2  
  136  11:44  Zergling x2  
  136  11:45  Zergling x2  
  110  11:58  Zergling x2, Mutalisk x5  
  107  12:08  Extractor  
  106  12:10  Zergling x2  
  106  12:12  Drone  
  106  12:14  Zergling x18  
  117  12:17  Baneling x6  
  117  12:34  Ultralisk Cavern  
  116  12:38  Zergling x26  
  122  12:54  Drone  
  122  12:55  Drone  
  122  12:56  Zergling x16  
  132  13:00  Baneling  
  132  13:01  Baneling x7  
  132  13:02  Baneling  
  128  13:10  Baneling x7  
  128  13:11  Baneling  
  128  13:14  Zergling x2  
  128  13:15  Zergling x18  
  138  13:25  Ultralisk  
  140  13:28  Chitinous Plating  
  139  13:48  Overseer x2  
  135  13:55  Ultralisk x2  
  122  13:56  Zergling x12  
  122  14:09  Ultralisk  
  104  14:10  Zergling x2  
  91  14:27  Ultralisk x2, Zergling x2  
  91  14:28  Zergling x4  
  103  14:41  Overlord  
  103  14:52  Zergling x8  
  106  15:03  Hatchery  
  106  15:05  Zerg Ground Armor Level 3  
  105  15:10  Zergling x6  
  105  15:11  Zergling x4  
  105  15:13  Hatchery  
  110  15:25  Zergling x2  
  110  15:26  Zergling x18  
  116  15:29  Zergling x6  
  116  15:34  Infestor x2  
  123  15:48  Zergling x14  
  128  15:59  Ultralisk Cavern  
  125  16:05  Corruptor x2  
  129  16:11  Zergling x6  
  129  16:15  Baneling x2  
  129  16:16  Baneling  
  130  16:19  Zergling x8  
  132  16:31  Corruptor x3  
  138  16:35  Baneling x3  
  138  16:39  Adrenal Glands  
  136  16:52  Queen  
  136  16:53  Corruptor  
  138  16:56  Zergling x16  
  146  17:06  Drone x4  
  150  17:21  Greater Spire  
  150  17:23  Zergling x14  
  150  17:25  Baneling x4  
  150  17:26  Baneling  
  150  17:29  Overlord  
  157  17:38  Zergling x16  
  157  17:41  Hatchery  
  157  17:42  Baneling x7  
  156  17:57  Zergling x22  
  159  17:59  Zergling x2  
  155  18:08  Corruptor  
  100  18:34  Zergling x2  
  100  18:35  Zergling x14  
  100  18:36  Zergling x4  
  94  18:47  Zergling x2  
  94  18:54  Zergling x8  
  94  18:55  Zergling x2  
  79  19:15  Zergling x2  
  79  19:16  Zergling x10  
  76  19:20  Zergling x2  
  76  19:31  Zergling x2  
  67  19:38  Zergling x6  
  69  19:54  Zergling x4  
  69  19:56  Zergling x2  
  69  19:59  Zergling x4  
  74  20:02  Zergling x2, Hatchery  
  74  20:04  Zergling x2  
  74  20:06  Zergling x2  
  76  20:07  Baneling  
  76  20:11  Zergling x4  
  78  20:20  Zergling x6  
  75  20:24  Spore Crawler  
  72  20:31  Zergling x8  
  76  20:42  Ultralisk  
  82  20:53  Overseer  
  82  20:55  Zergling x8  
  78  20:59  Drone  
  79  21:14  Zergling x8  
  79  21:17  Baneling x3  
  83  21:20  Zergling x4  
  83  21:22  Drone  
  85  21:30  Drone x2  
  85  21:31  Drone  
  78  21:35  Zergling x4  
  78  21:38  Zergling x2  
  80  21:41  Zergling x2  
  80  21:43  Zergling x2  
  79  21:55  Zergling x6  
  77  22:06  Zergling x14  
  66  22:12  Zergling x6  
  66  22:14  Zergling x2  
  69  22:16  Zergling x2  
  69  22:21  Zergling x4  
  69  22:26  Zergling x4  
  69  22:27  Zergling x2  
  69  22:34  Zergling x2  
Show
View Real Time Build Order
Export as new Build Order

Optimus Terran 

Build Orders: Hellion Opening, Bio Mine 

Get SALT Encoding   

  12  0:00  SCV  
  13  0:12  SCV  
  14  0:18  Supply Depot  
  14  0:24  SCV  
  15  0:29  Refinery  
  15  0:39  SCV  
  16  0:45  Barracks  
  16  0:51  SCV  
  17  1:03  SCV  
  18  1:16  SCV  
  19  1:32  Reaper, Orbital Command  
  20  1:44  Command Center  
  20  1:55  Factory  
  20  1:58  SCV  
  21  2:07  Barracks Reactor  
  21  2:08  Supply Depot  
  21  2:12  SCV  
  22  2:18  Refinery  
  22  2:24  SCV  
  23  2:36  SCV  
  24  2:45  Starport  
  24  2:48  Hellion x2, SCV  
  29  2:51  Marine  
  30  2:58  Orbital Command  
  30  3:03  SCV  
  31  3:10  Barracks Tech Lab  
  31  3:15  Hellion x2  
  31  3:18  SCV  
  36  3:24  SCV  
  37  3:30  SCV  
  37  3:31  Raven  
  40  3:37  Hellion x2  
  44  3:46  SCV x2  
  46  3:52  Supply Depot  
  46  3:53  Supply Depot  
  46  4:07  Command Center  
  46  4:14  SCV x2, Barracks Tech Lab  
  46  4:16  Raven  
  50  4:26  SCV  
  50  4:28  Factory Reactor  
  50  4:30  SCV, Barracks  
  52  4:32  Barracks  
  52  4:37  Supply Depot  
  52  4:38  SCV  
  53  4:39  Stimpack  
  53  4:41  Marine  
  53  4:43  SCV  
  55  4:52  SCV, Engineering Bay  
  56  4:53  Engineering Bay  
  56  4:57  SCV  
  56  4:58  Refinery  
  57  5:04  SCV  
  57  5:05  Marine  
  59  5:10  Starport Reactor, SCV  
  60  5:16  SCV  
  61  5:22  Terran Infantry Armor Level 1, Terran Infantry Weapons Level 1, SCV  
  61  5:23  Marine, Orbital Command  
  61  5:27  Supply Depot, Refinery  
  62  5:29  SCV  
  62  5:31  Marine x2  
  62  5:33  Marine  
  66  5:36  Marine  
  66  5:41  Marine, SCV  
  69  5:49  Marine x2, Medivac  
  73  5:50  Medivac  
  73  5:51  Marine  
  73  5:53  Orbital Command  
  73  5:54  Marine  
  73  5:55  SCV x2  
  79  5:59  Marine  
  79  6:03  Barracks  
  80  6:05  Factory Reactor  
  80  6:06  Barracks  
  80  6:07  SCV  
  81  6:14  SCV  
  76  6:20  SCV x2  
  76  6:21  Marine  
  76  6:22  Marine x3  
  76  6:26  SCV  
  76  6:29  Medivac x2  
  81  6:34  SCV x2  
  81  6:39  Barracks  
  83  6:40  Barracks  
  83  6:43  Barracks  
  83  6:48  Armory  
  83  6:51  Combat Shields  
  83  6:54  SCV  
  84  6:59  SCV  
  84  7:00  Medivac x2  
  89  7:02  Marine x2  
  89  7:04  SCV  
  92  7:10  SCV  
  93  7:16  Supply Depot  
  93  7:18  SCV  
  93  7:22  Marine x4, Supply Depot x2  
  98  7:26  SCV x2  
  98  7:28  Barracks Tech Lab x2  
  100  7:30  SCV, Factory Reactor  
  100  7:32  Factory  
  100  7:33  Refinery  
  100  7:34  Refinery  
  101  7:37  Marine x2  
  101  7:38  Barracks Reactor  
  101  7:39  Marine  
  101  7:40  Marine x2, Supply Depot  
  107  7:46  Missile Turret  
  107  7:47  Missile Turret  
  107  7:49  Missile Turret  
  107  7:50  Marine x3  
  109  7:52  Concussive Shells, Marauder  
  109  7:55  Marine  
  109  7:58  Marauder, SCV  
  115  8:02  Supply Depot  
  115  8:05  Supply Depot  
  115  8:08  Terran Infantry Weapons Level 2, Terran Infantry Armor Level 2  
  115  8:11  Widow Mine x2  
  119  8:13  Marine  
  119  8:17  Factory Tech Lab  
  120  8:20  Marine x5  
  120  8:25  Medivac x2  
  129  8:33  Marine, Marauder  
  130  8:36  Drilling Claws  
  130  8:40  Thor  
  136  8:42  Missile Turret  
  136  8:47  Marine x5  
  136  8:48  Widow Mine x2  
  141  8:53  Marauder x2  
  149  8:56  Supply Depot  
  149  9:04  Supply Depot  
  149  9:06  Supply Depot  
  149  9:10  Terran Vehicle And Ship Armor Level 1  
  149  9:11  Marine x5, Marauder, Supply Depot  
  156  9:21  Marine x4, Marauder x2  
  164  9:28  Marine x2, Thor  
  164  9:31  Marine x3  
  172  9:38  Widow Mine x2  
  177  9:39  Medivac x2  
  177  9:42  Supply Depot  
  183  9:52  Marauder x2  
  167  9:56  Marine  
  167  9:57  Marine x5, Marauder x2  
  177  10:11  Marine x2  
  177  10:13  Marauder  
  177  10:14  Marine x3, Marauder  
  183  10:18  Marauder x2  
  190  10:27  Terran Infantry Weapons Level 3, Terran Infantry Armor Level 3  
  190  10:35  Marauder x2  
  192  10:39  Marauder  
  192  10:41  Marine, Marauder  
  197  10:53  Marine x5  
  197  10:56  Marine  
  197  10:57  Marine, Marauder  
  197  10:58  Marine, Marauder  
  197  11:01  Marauder  
  197  11:02  Marine  
  182  11:11  Marine x3  
  178  11:14  Marine  
  178  11:15  Marine x2  
  178  11:18  Marine  
  177  11:19  Marauder  
  177  11:22  Marine x2  
  177  11:24  Orbital Command  
  163  11:29  Marine x2  
  163  11:32  Marine  
  118  11:33  Marine x2  
  118  11:35  Marine  
  118  11:37  Widow Mine  
  118  11:39  Marine x2  
  118  11:40  Marine  
  118  11:47  Marine x2  
  118  11:50  Marine  
  118  11:51  Marine  
  120  11:59  Marine x3  
  99  12:05  Marine x2  
  99  12:06  Widow Mine  
  99  12:08  Widow Mine  
  102  12:09  Marine  
  105  12:18  Marauder x2  
  108  12:25  Widow Mine  
  108  12:27  Marine x3  
  113  12:34  Widow Mine  
  113  12:36  Widow Mine  
  115  12:40  Marauder x2  
  118  12:48  Marine x2  
  118  12:50  Marine x2  
  118  12:51  Marine  
  121  12:53  Widow Mine  
  123  13:03  Widow Mine  
  123  13:05  Widow Mine  
  125  13:06  Marauder  
  125  13:07  Marauder  
  131  13:17  Marine x5  
  136  13:22  Widow Mine  
  138  13:31  Widow Mine  
  138  13:33  Widow Mine  
  142  13:35  Marine x2  
  142  13:37  Marine x3  
  142  13:39  Marine  
  144  13:50  Widow Mine  
  144  13:53  Marine x3  
  135  14:00  Widow Mine  
  135  14:02  Widow Mine  
  133  14:09  Marine x3  
  98  14:19  Widow Mine  
  94  14:25  Marauder  
  96  14:32  Widow Mine  
  96  14:41  Orbital Command x2  
  94  15:22  Liberator x2, Marine x5  
  94  15:23  Marine  
  94  15:26  Marine  
  103  15:31  Unknown x4  
  99  15:40  Marine x5  
  99  15:41  Marauder  
  112  15:44  Marine  
  111  16:00  SCV x2  
  111  16:02  Marauder  
  111  16:03  Marauder  
  114  16:06  Liberator x2  
  114  16:08  Marine  
  114  16:09  Marine x4  
  119  16:24  Marauder x2  
  128  16:26  Marine  
  128  16:27  Marine x2  
  128  16:29  Marine x2  
  128  16:32  Thor  
  139  16:44  Marine x4  
  139  16:45  Marine  
  142  16:48  Marine  
  142  16:49  Liberator, Marine  
  134  17:00  Liberator  
  134  17:02  Marine x3  
  134  17:03  Marauder x2  
  142  17:10  Marine, Ghost Academy  
  142  17:11  Marine  
  144  17:20  Marine x2, Thor  
  155  17:24  Marauder  
  155  17:49  Marine, Medivac  
  156  17:53  Marine x6  
  142  17:59  Medivac  
  143  18:07  Marine  
  143  18:10  Marine  
  143  18:11  Marine x5  
  150  18:25  Marine  
  151  18:28  Marine x2  
  151  18:29  Marine x2, Marauder x2  
  151  18:33  Orbital Command  
  97  18:34  Widow Mine  
  87  18:42  Marine  
  87  18:44  Medivac  
  87  18:46  Marine x4  
  88  18:50  Marine x2  
  88  18:52  Medivac  
  76  18:56  Widow Mine  
  76  18:59  Widow Mine  
  76  19:00  Marine  
  76  19:04  Marine x2  
  76  19:08  Marauder x2  
  78  19:14  Marine, Medivac  
  78  19:16  Marine  
  59  19:18  Marine  
  59  19:22  Marine x2  
  61  19:29  Marine x2  
  52  19:32  Marine  
  52  19:34  Marine  
  52  19:36  Marine  
  47  19:40  Medivac  
  47  19:42  Marine  
  47  19:45  SCV  
  51  19:50  Marine x2  
  53  19:56  Marine x3  
  56  20:00  Marine x2  
  56  20:04  Widow Mine  
  60  20:07  Widow Mine  
  60  20:08  Marine  
  60  20:12  Medivac  
  67  20:28  Marine  
  67  20:29  Marine x5  
  72  20:41  Medivac  
  72  20:42  Medivac  
  75  20:45  Orbital Command  
  75  20:54  Marine  
  76  21:00  Marine  
  77  21:11  Marine  
  78  21:19  Marine  
  78  21:20  Marine x2  
  76  21:34  Marine x3  
  70  21:44  Marine  
  44  22:10  Marine  
  44  22:11  Marine  
  45  22:21  Marine  
  31  22:31  Marine  

Tags
 
Add a new tag
Caveats
  • Supply blocks, unpowered buildings, or Contaminate may cause inaccurate times.
  • Supply counts are checked every 10 seconds.